 Dungeon Sprint DCSS version 0.30.1-4-g462c640d31 (webtiles) character file.

Game seed: 2274687580053348026

29097 Heoruswealwe the Axe Maniac (level 13, -1/124 HPs)
             Began as a Hill Orc Fighter on Aug 23, 2023.
             Was the Champion of the Shining One.
             Slain by Tiamat
             ... wielding a +2 demon trident of pain
              (7 damage)
             ... in the Dungeon (Sprint I: "Red Sonja").
             The game lasted 01:25:27 (4860 turns).

Heoruswealwe the Axe Maniac (Hill Orc Fighter)      Turns: 4860, Time: 01:25:27

Health: -1/124     AC: 48    Str: 30      XL:     13   Next: 43%
Magic:  7/27       EV: 10    Int: 12 (14) God:    the Shining One [******]
Gold:   2922       SH: 27    Dex:  5      Spells: 12/12 levels left

rFire   . . .        a - +8 mithril axe "Arga" {speed, Will+}
rCold   + . .        d - +2 tower shield {AC+3}
rNeg    + + +        c - +8 orange crystal plate armour {Archmagi, Int+3 Clar}
rPois   +            g - +0 helmet
rElec   +            h - +0 cloak
rCorr   .            f - +2 pair of gloves {hurl}
SInv    .            e - +2 pair of boots {Fly}
Will    +....        i - amulet "Doosuank" {rElec Regen+ Int+5 Dex-5} Stlth
                     k - ring of Xom's Malicious Joy {rC+ rN+ EV+5}
HPRegen 1.20/turn    j - ring "Leynez" {rPois Str+6}
MPRegen 0.20/turn

%: no teleportation, clarity, archmagi
@: divinely shielded, flying, glowing, studying Armour
A: deterioration 2, dopey 1, frail 1
a: Renounce Religion, Divine Shield, Cleansing Flame, Summon Divine Warrior,
Brand Weapon With Holy Wrath


You were in the Dungeon.
You worshipped the Shining One.
The Shining One was exalted by your worship.
You visited 1 branch You collected 6142 gold pieces.
You spent 3220 gold pieces at shops.

Inventory:

Hand Weapons
 a - the +8 mithril axe "Arga" (weapon) {speed, Will+}
   (You found it in the Dungeon)

   Will:      It increases your willpower.
 b - the +6 sling "Kyjerche" {heavy, *Slow rN++ SInv}
   (You found it in the Dungeon)

   rN:        It greatly protects you from negative energy.
   SInv:      It lets you see invisible.
   *Slow:     It may slow you when you take damage.
Armour
 c - the +8 orange crystal plate armour (worn) {Archmagi, Int+3 Clar}
   (You found it in the Dungeon)

   Int:       It affects your intelligence (+3).
   Clar:      It protects you from confusion, rage, mesmerisation and fear.
 d - a +2 tower shield of protection (worn)
 e - a +2 pair of boots of flying (worn)
 f - a +2 pair of gloves of hurling (worn)
 g - a +0 helmet (worn)
 h - a +0 cloak (worn)
 m - +2 fire dragon scales
Jewellery
 i - the amulet "Doosuank" (around neck) {rElec Regen+ Int+5 Dex-5}
   (You bought it in a shop in the Dungeon)

   [amulet of regeneration]

   Int:       It affects your intelligence (+5).
   Dex:       It affects your dexterity (-5).
   rElec:     It insulates you from electricity.
   Regen:     It increases your rate of health regeneration.
 j - the ring "Leynez" (right hand) {rPois Str+6}
   (You found it in the Dungeon)

   [ring of strength]

   Str:       It affects your strength (+6).
   rPois:     It protects you from poison.
 k - the ring of Xom's Malicious Joy (left hand) {rC+ rN+ EV+5}
   (You found it in the Dungeon)

   [ring of evasion]

   EV:        It affects your evasion (+5).
   rC:        It protects you from cold.
   rN:        It protects you from negative energy.
Wands
 C - a wand of quicksilver (7)
Scrolls
 l - 3 scrolls of blinking
 s - a scroll of poison {unknown}
 u - a scroll of fog


   Skills:
 + Level 19.4 Fighting
 O Level 27 Axes
 + Level 19.0 Armour
 + Level 3.5 Shields
 + Level 20.6 Invocations


You had 12 spell levels left.
You didn't know any spells.
Your spell library contained the following spells:

 Spells                   Type           Power      Damage    Failure   Level
 Apportation              Tloc           0%         N/A       100%        1
 Necrotise                Necr           0%         1d4       100%        1
 Summon Small Mammal      Summ           0%         N/A       100%        1


Dungeon Overview and Level Annotations

Branches:
Dungeon (1/1)

Altars:
Cheibriados
Dithmenos
Elyvilon
Fedhas
Gozag
Hepliaklqana
Kikubaaqudgha
Makhleb
Nemelex Xobeh
Okawaru
Qazlal
Ru
Sif Muna
Trog
Uskayaw
Vehumet
Wu Jian
Xom
Yredelemnul
Zin
The Shining One
Jiyva
Lugonu

Shops:
D [(*::*:([?(([[[[(=[[*:

Annotations:
D Lom Lobon, Tiamat


Innate Abilities, Weirdness & Mutations

Your body often deteriorates upon taking damage.
You are dopey. (Int -2)
You are frail. (-10% HP)


Message History

Your angel hits Tiamat but does no damage.
Your shield is strengthened by the Shining One's divine power.
Your angel hits Tiamat but does no damage.
Your angel hits Tiamat with a +1 whip of holy wrath.
You block Tiamat's attack. x2
Activating: Cleansing Flame (0% risk of failure)
Press: ? - help, Dir - look around, f - activate The golden flame engulfs you but does no damage.
You resist. The golden flame engulfs your angel.
Your angel completely resists.
Your angel is heavily wounded.
The golden flame engulfs Tiamat!!
Tiamat is moderately wounded.
Your angel hits Tiamat with a +1 whip of holy wrath.
Your angel hits Tiamat but does no damage.
You block Tiamat's attack. x2
Your angel hits Tiamat with a +1 whip of holy wrath!!
Your angel hits Tiamat with a +1 whip of holy wrath.
Okay, then.
You hit Tiamat but do no damage.
Tiamat is moderately wounded.
Your angel hits Tiamat with a +1 whip of holy wrath!
Your angel hits Tiamat with a +1 whip of holy wrath.
Tiamat completely misses you. Tiamat misses you.
You slash Tiamat!
Tiamat is heavily wounded.
Your angel barely misses Tiamat.
Your angel hits Tiamat but does no damage.
You block Tiamat's attack.
Tiamat tail-slaps you but does no damage.
You hit Tiamat but do no damage.
Tiamat is heavily wounded.
Your angel hits Tiamat with a +1 whip of holy wrath!
Your angel hits Tiamat but does no damage.
You slice Tiamat!!
Tiamat is heavily wounded.
Your angel hits Tiamat but does no damage.
Your angel misses Tiamat.
Tiamat hits you with a +2 demon trident of pain!
You die...

.###.......##.##.#.........#.###.
+#.#.....)..+§####.........#.#.'.
...#''.######§#..+.°....####+#§##
...#........#§#####...###..))#.#~
####.......#+.#..[#####)..####.#~
..(.......~####[........###,^&.#~
..[......~~##.(.....#####,,,°####
.......~~~###......##,,,,,,°○#..#
##..~~~~### #...@A##,,,,,,○○,#...
#'######'####....d#,,,,,^○&○,#...
∩########∩∩######.#****^○°○,^#...
∩∩∩∩∩∩∩∩∩∩###≈≈≈≈≈≈≈≈d#,,,,,,####
########### #####.#####,,,,^,',,#
#..0..'.,,,,,,^^,#=)+
#########********####


You could see Tiamat (ally target) and a friendly angel (summoned).

Vanquished Creatures
  the Lernaean hydra (D)
  A golden dragon (D)
  A deep elf master archer (D)
  A shadow dragon (D)
  A daeva (D)
  4 fire giants (D)
  A lorocyproca (D)
  A deep elf annihilator (D)
  A mummy priest (D)
  A hydra (D)
  2 centaur warriors (D)
  Sonja (D)
  A deep troll (D)
  A lindwurm (D)
  2 oklob plants (D)
  2 merfolk sirens (D)
  2 demonic crawlers (D)
  2 gargoyles (D)
  2 kobold demonologists (D)
  7 unseen horrors (D)
  A hellwing (D)
  5 hornets (D)
  A slime creature (D)
  Sigmund (D)
  A yak (D)
  13 hogs (D)
  2 redbacks (D)
  3 floating eyes (D)
  An ogre (D)
  7 necrophages (D)
  8 jellies (D)
  Ijyb (D)
  A ball lightning (D)
80 creatures vanquished.

Vanquished Creatures (collateral kills)
  8 shining eyes (D)
  2 demonic crawlers (D)
  A meliai (D)
  4 floating eyes (D)
15 creatures vanquished.

Vanquished Creatures (others)
  13 ball lightnings (D)
  2 ballistomycete spores (D)
15 creatures vanquished.

Grand Total: 110 creatures vanquished

Notes
Turn   | Place    | Note
-------+----------+-------------------------------------------
     0 | D        | Heoruswealwe the Hill Orc Fighter began the quest for the
                  | Orb.
     0 | D        | Reached XP level 1. HP: 19/19 MP: 1/1
     1 | D        | Noticed Ijyb
    11 | D        | Killed Ijyb
    12 | D        | Reached skill level 5 in Axes
    12 | D        | Reached XP level 2. HP: 25/28 MP: 1/4
    12 | D        | Reached XP level 3. HP: 31/34 MP: 1/5
    58 | D        | Noticed an ogre
    65 | D        | Killed an ogre
    66 | D        | Reached skill level 8 in Axes
    66 | D        | Reached skill level 5 in Armour
    66 | D        | Reached skill level 5 in Invocations
    66 | D        | Reached XP level 4. HP: 18/44 MP: 5/7
   161 | D        | Noticed Sigmund
   175 | D        | Killed Sigmund
   176 | D        | Reached skill level 10 in Axes
   176 | D        | Reached XP level 5. HP: 26/52 MP: 7/10
   176 | D        | Reached XP level 6. HP: 30/60 MP: 7/11
   274 | D        | Found an ornate altar of the Wu Jian Council.
   274 | D        | Found a shimmering blue altar of Sif Muna.
   276 | D        | Found a radiant altar of Vehumet.
   307 | D        | Found Kenoy's Book Emporium.
   307 | D        | Found an ancient bone altar of Kikubaaqudgha.
   307 | D        | Found a hazy altar of Hepliaklqana.
   307 | D        | Found a stormy altar of Qazlal.
   307 | D        | Found a hide-covered altar of Uskayaw.
   307 | D        | Found a blossoming altar of Fedhas.
   307 | D        | Found a bloodstained altar of Trog.
   307 | D        | Found an iron altar of Okawaru.
   307 | D        | Found a basalt altar of Yredelemnul.
   307 | D        | Found a glowing golden altar of the Shining One.
   307 | D        | Found a snail-covered altar of Cheibriados.
   307 | D        | Found a sacrificial altar of Ru.
   307 | D        | Found a glowing silver altar of Zin.
   307 | D        | Found a shadowy altar of Dithmenos.
   307 | D        | Found a white marble altar of Elyvilon.
   307 | D        | Noticed a yak
   313 | D        | Killed a yak
   314 | D        | Reached skill level 12 in Axes
   314 | D        | Reached XP level 7. HP: 40/69 MP: 11/13
   314 | D        | Found an opulent altar of Gozag.
   315 | D        | Found a sparkling altar of Nemelex Xobeh.
   321 | D        | Became a worshipper of the Shining One
   398 | D        | Found a burning altar of Makhleb.
   398 | D        | Found a viscous altar of Jiyva.
   398 | D        | Found a shimmering altar of Xom.
   398 | D        | Found a corrupted altar of Lugonu.
   398 | D        | Noticed a slime creature
   408 | D        | Killed a slime creature
   510 | D        | Noticed a kobold demonologist
   510 | D        | Reached * piety under the Shining One
   511 | D        | Noticed a kobold demonologist
   514 | D        | Reached skill level 13 in Axes
   519 | D        | Killed a kobold demonologist
   519 | D        | Reached ** piety under the Shining One
   520 | D        | Reached skill level 10 in Fighting
   520 | D        | Reached skill level 14 in Axes
   520 | D        | Reached skill level 10 in Invocations
   520 | D        | Reached XP level 8. HP: 79/79 MP: 13/15
   527 | D        | Killed a kobold demonologist
   540 | D        | Noticed a centaur warrior
   540 | D        | Noticed a centaur warrior
   548 | D        | Killed a centaur warrior
   549 | D        | Reached skill level 16 in Axes
   549 | D        | Reached skill level 10 in Armour
   549 | D        | Reached XP level 9. HP: 64/89 MP: 15/17
   551 | D        | Killed a centaur warrior
   552 | D        | Reached skill level 17 in Axes
   557 | D        | Noticed a deep troll
   565 | D        | Killed a deep troll
   606 | D        | Found Seipat's Armour Emporium.
   717 | D        | Noticed a hornet
   717 | D        | Reached *** piety under the Shining One
   725 | D        | Killed a hornet
   726 | D        | Reached skill level 18 in Axes
   935 | D        | Noticed an oklob plant
   955 | D        | Killed an oklob plant
   956 | D        | Reached XP level 10. HP: 41/100 MP: 19/19
  1211 | D        | Noticed an unseen horror
  1212 | D        | Noticed an unseen horror
  1212 | D        | Reached **** piety under the Shining One
  1225 | D        | Killed an unseen horror
  1226 | D        | Killed an unseen horror
  1227 | D        | Reached skill level 19 in Axes
  1591 | D        | Reached ***** piety under the Shining One
  1601 | D        | Found the +8 orange crystal plate armour {Archmagi, Int+3
                  | Clar}
  1602 | D        | Reached ****** piety under the Shining One
  1676 | D        | Found Cikiluz's Weapon Shoppe.
  1676 | D        | Found Qudixt's Book Shop.
  1676 | D        | Found Jaxy's Antique Armour Boutique.
  1682 | D        | Found Giler's Jewellery Boutique.
  1682 | D        | Found Vehaifodgh's General Store.
  1682 | D        | Found Xuawneuz's Armour Emporium.
  1713 | D        | Found Diaful's Weapon Boutique.
  1713 | D        | Found Geitoy's Antique Armour Shoppe.
  1713 | D        | Found Ummeremm's Antique Armour Shop.
  1713 | D        | Found Hiyresm's Antique Armour Emporium.
  1713 | D        | Found Yrouckel's Armour Boutique.
  1713 | D        | Found Atrirgh Kixyl's Weapon Shoppe.
  1713 | D        | Found Ynlorua's Weapon Shop.
  1715 | D        | Bought a scroll of identify for 24 gold pieces
  1716 | D        | Identified a scroll of acquirement
  1721 | D        | Found Cyvit's Magic Scroll Emporium.
  1739 | D        | Bought a scroll of identify for 22 gold pieces
  1739 | D        | Bought a scroll of identify for 22 gold pieces
  1739 | D        | Bought a scroll of identify for 22 gold pieces
  1756 | D        | Noticed Sonja
  1774 | D        | Killed Sonja
  1775 | D        | Reached skill level 20 in Axes
  1832 | D        | Found Anyokk's Armour Boutique.
  1840 | D        | Bought a +1 pair of boots of flying for 198 gold pieces
  1905 | D        | Noticed a shining eye
  1905 | D        | Noticed a shining eye
  1905 | D        | Noticed a shining eye
  1910 | D        | Paralysed by a floating eye for 3 turns
  1916 | D        | Killed a shining eye
  1917 | D        | Killed a shining eye
  1918 | D        | Reached skill level 15 in Invocations
  1918 | D        | Reached XP level 11. HP: 111/111 MP: 13/22
  1918 | D        | Noticed a shining eye
  1920 | D        | Killed a shining eye
  1921 | D        | Reached skill level 21 in Axes
  1921 | D        | Gained mutation: You are dopey. (Int -2) [a shining eye]
  1922 | D        | Killed a shining eye
  1927 | D        | Noticed a shining eye
  1927 | D        | Noticed a shining eye
  1932 | D        | Killed a shining eye
  1936 | D        | Gained mutation: Your body sometimes deteriorates upon
                  | taking damage. [a shining eye]
  1940 | D        | Killed a shining eye
  1946 | D        | Paralysed by a floating eye for 3 turns
  1949 | D        | Noticed a shining eye
  1949 | D        | Noticed a shining eye
  1949 | D        | Gained mutation: You are frail. (-10% HP) [a shining eye]
  1949 | D        | Gained mutation: Your body often deteriorates upon taking
                  | damage. [a shining eye]
  1955 | D        | Killed a shining eye
  1956 | D        | Reached skill level 15 in Fighting
  1959 | D        | Killed a shining eye
  1968 | D        | Found Quxor's Antique Weapon Shoppe.
  1968 | D        | Found Muela's Book Shop.
  1968 | D        | Found Fyklenk's Assorted Antiques.
  1968 | D        | Found Gaff's Assorted Antiques.
  1975 | D        | Bought a scroll of identify for 40 gold pieces
  1975 | D        | Bought a scroll of identify for 40 gold pieces
  1975 | D        | Bought a scroll labelled JUZATHREBYO for 20 gold pieces
  1975 | D        | Bought a blue potion for 18 gold pieces
  1984 | D        | Bought a scroll labelled TAULUIMMYA for 23 gold pieces
  1984 | D        | Bought a lumpy red potion for 20 gold pieces
  1984 | D        | Bought a scroll labelled VEEDGHOPUXT for 23 gold pieces
  1984 | D        | Bought a scroll labelled ZIETENG XOTIA for 23 gold pieces
  1998 | D        | Bought a runed battleaxe for 275 gold pieces
  2060 | D        | Reached skill level 22 in Axes
  2116 | D        | Noticed a lorocyproca
  2121 | D        | Killed a lorocyproca
  2125 | D        | Reached skill level 23 in Axes
  2338 | D        | Noticed a lindwurm
  2343 | D        | Killed a lindwurm
  2360 | D        | Reached skill level 15 in Armour
  2361 | D        | Reached XP level 12. HP: 104/109 MP: 24/24
  2382 | D        | Noticed a daeva
  2395 | D        | Reached skill level 24 in Axes
  2684 | D        | Killed a daeva
  2702 | D        | Identified the ring of Xom's Malicious Joy {rC+ rN+ EV+5}
  2867 | D        | Noticed a fire giant
  2874 | D        | Noticed a fire giant
  2874 | D        | Noticed a fire giant
  2876 | D        | Killed a fire giant
  2887 | D        | Killed a fire giant
  2892 | D        | Killed a fire giant
  2893 | D        | Reached skill level 25 in Axes
  3166 | D        | Noticed a fire giant
  3182 | D        | Killed a fire giant
  3208 | D        | Found the +4 dragonskin cloak
  3208 | D        | Noticed Tiamat
  3364 | D        | Noticed a 12-headed hydra
  3366 | D        | Paralysed by a floating eye for 3 turns
  3373 | D        | Killed an 18-headed hydra
  3717 | D        | Noticed a shadow dragon
  3717 | D        | Noticed a golden dragon
  3733 | D        | Killed a golden dragon
  3734 | D        | Killed a shadow dragon
  3735 | D        | Reached skill level 26 in Axes
  3735 | D        | Reached XP level 13. HP: 104/120 MP: 26/26
  3736 | D        | Identified the ring "Leynez" {rPois Str+6}
  3801 | D        | Found Qamiun's Book Shoppe.
  3839 | D        | Acquired a manual of Armour
  3924 | D        | Bought a pair of glowing gloves for 225 gold pieces
  3924 | D        | Bought a fading leather armour for 210 gold pieces
  3924 | D        | Identified the +3 leather armour "Buwnuale" {Dex+6} (You
                  | bought it in a shop in the Dungeon)
  3925 | D        | Bought a scroll of blinking for 82 gold pieces
  3925 | D        | Bought a scroll of silence for 104 gold pieces
  3925 | D        | Bought a scroll of fog for 44 gold pieces
  3929 | D        | Bought a pair of embroidered gloves for 157 gold pieces
  3930 | D        | Bought a pair of runed gloves for 217 gold pieces
  3931 | D        | Bought a twisted ring mail for 180 gold pieces
  3931 | D        | Identified the +5 ring mail of Orthodoxy {Fly Str+3} (You
                  | bought it in a shop in the Dungeon)
  3931 | D        | Bought a pair of embroidered gloves for 150 gold pieces
  3933 | D        | Bought a +0 helmet for 54 gold pieces
  3934 | D        | Bought the amulet "Doosuank" {rElec Regen+ Int+5 Dex-5} for
                  | 616 gold pieces
  3971 | D        | Bought a crystal rapier for 207 gold pieces
  3971 | D        | Identified the +4 rapier of Beogh's Outrage {antimagic,
                  | rPois Str+3 Stlth-} (You bought it in a shop in the
                  | Dungeon)
  4014 | D        | Bought a +0 cloak for 54 gold pieces
  4065 | D        | Bought a glowing tower shield for 150 gold pieces
  4176 | D        | Noticed a deep elf annihilator
  4214 | D        | Noticed a mummy priest
  4221 | D        | Killed a deep elf annihilator
  4307 | D        | Killed a mummy priest
  4327 | D        | Noticed the 27-headed Lernaean hydra
  4338 | D        | Killed the 26-headed Lernaean hydra
  4420 | D        | Noticed a deep elf master archer
  4420 | D        | Found the +8 mithril axe "Arga" {speed, Will+}
  4424 | D        | Killed a deep elf master archer
  4425 | D        | Reached skill level 27 in Axes
  4430 | D        | Identified the +6 sling "Kyjerche" {heavy, *Slow rN++ SInv}
  4666 | D        | Noticed Lom Lobon
  4706 | D        | HP: 3/124 [spore (12)]
  4842 | D        | HP: 5/124 [Tiamat/+2 demon trident of pain (4)]
  4848 | D        | The Shining One protects you from harm!
  4849 | D        | The Shining One protects you from harm!
  4852 | D        | HP: 3/124 [Tiamat/+2 demon trident of pain (14)]
  4854 | D        | HP: 1/124 [Tiamat/+2 demon trident of pain (4)]
  4860 | D        | Slain by Tiamat

Illustrated notes

Levels and vault maps discovered:
D:        dungeon_sprint_1 [red_sonja_temple_1, red_sonja_temple_small_1]

Skill      XL: |  1  2  3  4  5  6  7  8  9 10 11 12 13 |
---------------+----------------------------------------+-----
Fighting       | 4 6 7 8 10 11 12 14 16 18 19 | 19.4
Axes           | 5 8 10 12 14 16 18 20 23 26 27 | 27.0
Armour         | 4 5 6 7 9 10 11 13 15 16 19 | 19.0
Invocations    | 3 5 7 8 10 11 13 15 17 19 20 | 20.6
Shields        | |  3.5

Action                     |  1- 3 |  4- 6 |  7- 9 | 10-12 | 13-15 || total
---------------------------+-------+-------+-------+-------+-------++-------
  Melee: War axe           |    15 |    20 |    64 |    72 |       ||   171
         Battleaxe         |       |       |       |    96 |    39 ||   135
         Broad axe         |       |       |       |       |    30 ||    30
 Invoke: Summon Divine War |       |       |       |     1 |     2 ||     3
         Divine Shield     |       |       |       |       |     1 ||     1
         Cleansing Flame   |       |       |       |       |     1 ||     1
  Evoke: Wand              |     1 |       |       |     3 |     1 ||     5
    Use: Potion            |       |       |     4 |     3 |     8 ||    15
         Scroll            |       |       |       |    15 |     4 ||    19
 Armour: Scale mail        |     5 |     6 |    10 |    16 |       ||    37
         Crystal plate arm |       |       |       |   184 |   150 ||   334
         Fire dragon scale |       |       |       |     1 |       ||     1
  Dodge: Dodged            |     5 |     1 |    11 |    56 |    26 ||    99
  Block: Buckler           |     1 |       |    12 |    12 |       ||    25
         Tower shield      |       |       |       |       |    13 ||    13
